 Dungeon Crawl Stone Soup version 0.31.0-12-g77e489cdc1 (webtiles) character file.

Game seed: 1375685541084217507

2175 lordive the Grappler (level 9, 0/80 HPs)
             Began as a Troll Shapeshifter on Feb 29, 2024.
             Was a Believer of Cheibriados.
             Slain by an ufetubus (4 damage)
             ... on level 7 of the Dungeon.
             The game lasted 00:08:55 (4931 turns).

lordive the Grappler (Troll Shapeshifter)           Turns: 4931, Time: 00:08:56

Health: 0/80       AC:  4    Str: 35    XL:     9   Next: 11%
Magic:  8/8        EV: 11    Int: 13    God:    Cheibriados [**....]
Gold:   267        SH:  0    Dex: 16    Spells: 8/8 levels left

rFire   . .          .
                       - Unarmed
rCold   . . .        (no shield)
rNeg    . . .        a - +0 animal skin
rPois   .            (helmet currently unavailable)
rElec   .            u - melded +0 cloak "Qihuilasi" {*Slow Will++ Int+6}
rCorr   .            (gloves unavailable)
SInv    +            (boots unavailable)
Will    .....        (no amulet)
Stlth   +            t - +6 ring of strength
HPRegen 1.13/turn    B - ring of see invisible
MPRegen 0.11/turn

%: no passive effects
@: lethally poisoned (0 -> -1), beast-form, very slow
A: beast (slay +3), large, unfitting armour, claws 3, regeneration 1, shaggy fur
1, tough skin 1
a: Begin Untransformation, Renounce Religion, Bend Time


You were on level 7 of the Dungeon.
You worshipped Cheibriados.
Cheibriados was pleased with you.
You were a hulking beast.
You visited 2 branches of the dungeon, and saw 8 of its levels.

You collected 363 gold pieces.
You spent 96 gold pieces at shops.

Inventory:

Armour
 a - a +0 animal skin (worn)
 u - the +0 cloak "Qihuilasi" (melded) {*Slow Will++ Int+6}
   (You found it on level 5 of the Dungeon)

   Int+6:     It affects your intelligence (+6).
   Will++:    It greatly increases your willpower.
   *Slow:     It may slow you when you take damage.
Jewellery
 t - a +6 ring of strength (left claw)
 B - a ring of see invisible (right claw)
Talismans
 c - a beast talisman (active)
 d - a flux talisman
Wands
 n - a wand of charming (11)
 r - a wand of mindburst (12)
 D - a wand of roots (11)
Scrolls
 f - 5 scrolls of teleportation
 h - a scroll of blinking
 i - a scroll of brand weapon
 l - 2 scrolls of poison
 m - a scroll of torment
 o - a scroll of amnesia {unknown}
 q - 2 scrolls of vulnerability {unknown}
 v - a scroll of fear {unknown}
 w - 7 scrolls of identify
 y - a scroll of immolation {unknown}
 E - a scroll of revelation {unknown}
Potions
 b - 3 potions of lignification
 g - 2 potions of mutation
 j - a potion of haste
 k - 4 potions of curing
 p - a potion of attraction
 s - a potion of enlightenment {unknown}
 x - a potion of cancellation {unknown}
 z - a potion of might {unknown}
 A - a potion of invisibility {unknown}
 C - a potion of degeneration {unknown}


   Skills:
 + Level 2.8 Fighting
 + Level 4.0 Dodging
 + Level 9.0 Unarmed Combat
 * Level 6.6 Shapeshifting


You had 8 spell levels left.
You didn't know any spells.
Your spell library contained the following spells:

 Spells                   Type           Power      Damage    Failure   Level
 Apportation              Tloc           0%         N/A       30%         1
 Necrotise                Necr           0%         1d4       30%         1
 Sting                    Conj/Alch      0%         1d3       30%         1
 Summon Small Mammal      Summ           0%         N/A       30%         1
 Mercury Vapours          Alch/Air       0%         N/A       43%         2
 Frozen Ramparts          Ice            0%         1d1       67%         3
 Leda's Liquefaction      Alch/Erth      0%         N/A       97%         4
 Olgreb's Toxic Radiance  Alch           0%         N/A       97%         4
 Petrify                  Alch/Erth      0%         N/A       97%         4
 Metabolic Englaciation   Hex/Ice        0%         N/A       100%        5


Dungeon Overview and Level Annotations

Branches:
Dungeon (7/15)             Temple (1/1) D:5

Altars:
Ashenzari
Cheibriados
Elyvilon
Fedhas
Gozag
Hepliaklqana
Kikubaaqudgha
Makhleb
Nemelex Xobeh
Okawaru
Qazlal
Ru
Sif Muna
Trog
Uskayaw
Vehumet
Wu Jian
Xom
Zin
The Shining One

Shops:
D:4 ?   D:5 [


Innate Abilities, Weirdness & Mutations

You are a hulking beast.
Your limbs bulge with bestial killing power. (Slay +3)
You are too large for most types of armour.
You have claws for hands.
Your natural rate of healing is unusually fast.
You are covered in fur. (AC +1)
You have tough skin. (AC +1)


Message History

The ufetubus misses you. The orc misses you. The killer bee misses you.
The ufetubus hits you.
* * * LOW HITPOINT WARNING * * *
The ufetubus hits you but does no damage.
The ufetubus closely misses you. The ufetubus misses you.
Your Unarmed Combat skill increases to level 9!
You feel much better.
You feel very sick. The killer bee stings you. The orc closely misses you.
The ufetubus hits you. The ufetubus closely misses you. The ufetubus hits you.
The ufetubus hits you but does no damage.
The killer bee misses you.
You claw the killer bee!
The killer bee is almost dead.
You feel sick. The killer bee barely misses you. The ufetubus hits you.
The ufetubus hits you but does no damage.
The ufetubus barely misses you. The ufetubus hits you.
* * * LOW HITPOINT WARNING * * *
The orc hits you with a +0 whip.
* * * LOW HITPOINT WARNING * * *
You mangle the killer bee!!
You kill the killer bee!
Cheibriados thoroughly appreciates the change of pace.
You feel sick. The ufetubus hits you.
* * * LOW HITPOINT WARNING * * *
The ufetubus hits you but does no damage.
The ufetubus barely misses you. x2; The orc hits you with a +0 whip.
* * * LOW HITPOINT WARNING * * *
You barely miss the ufetubus.
You feel sick. The ufetubus hits you.
* * * LOW HITPOINT WARNING * * *
The ufetubus closely misses you. The ufetubus barely misses you.
The ufetubus hits you but does no damage.
The ufetubus hits you.
* * * LOW HITPOINT WARNING * * *
The ufetubus barely misses you. The ufetubus hits you.
* * * LOW HITPOINT WARNING * * *
The ufetubus misses you. The orc closely misses you.
You barely miss the ufetubus.
You feel sick. The ufetubus barely misses you. x2
The ufetubus misses you. The ufetubus hits you.
You die...

.. ##.##########
............
#..........# ...
.#..........#
....
.........†5#.....
#.......h†......
#......5†o#..!..
#...............
####.<#####.....
##.# #.## ### .#
#


You could see 2 ufetubi and an orc.

Vanquished Creatures
  Prince Ribbit (D:5)
  Menkaure (D:7)
  A water moccasin (D:6)
  An ice beast (D:6)
  2 black bears
  A centaur (D:5)
  A phantom (D:4)
  A bullfrog (D:6)
  3 scorpions
  3 killer bees (D:7)
  A howler monkey (D:5)
  A gnoll bouda (D:5)
  3 hounds
  2 orc priests (D:5)
  2 jellies
  Crazy Yiuf (D:2)
  7 iguanas
  A sleepcap (D:4)
  9 orc wizards
  3 gnolls (D:5)
  6 adders
  A white imp (D:6)
  2 ribbon worms
  A dart slug (D:1)
  24 orcs
  5 ball pythons
  7 bats
  6 endoplasms
  7 giant cockroaches
  10 goblins
  4 hobgoblins
  10 jackals
  6 kobolds
  7 quokkas
  11 frilled lizards
  5 rats
157 creatures vanquished.

Notes
Turn   | Place    | Note
-------+----------+-------------------------------------------
     0 | D:1      | lordive the Troll Shapeshifter began the quest for the Orb.
     0 | D:1      | Reached XP level 1. HP: 18/18 MP: 0/0
   169 | D:1      | Reached XP level 2. HP: 26/26 MP: 1/1
   647 | D:2      | Reached XP level 3. HP: 26/32 MP: 2/2
  1014 | D:4      | Found Plog's Magic Scroll Shoppe.
  1026 | D:4      | Bought a scroll of identify for 24 gold pieces
  1031 | D:4      | Bought 3 scrolls of identify for 72 gold pieces
  1064 | D:4      | Reached XP level 4. HP: 34/40 MP: 3/3
  1101 | D:4      | Noticed a scorpion
  1108 | D:4      | Killed a scorpion
  1109 | D:4      | Reached skill level 4 in Unarmed Combat
  1160 | D:4      | Noticed a phantom
  1169 | D:4      | Killed a phantom
  1170 | D:4      | Reached skill level 1 in Fighting
  1170 | D:4      | Reached XP level 5. HP: 40/48 MP: 4/4
  1431 | D:4      | Reached XP level 6. HP: 45/55 MP: 5/5
  1543 | D:4      | Reached skill level 5 in Unarmed Combat
  1731 | D:5      | Entered Level 5 of the Dungeon
  1754 | D:5      | Found a bloodstained altar of Trog.
  1758 | D:5      | Found an ornate altar of the Wu Jian Council.
  1762 | D:5      | Found an opulent altar of Gozag.
  1762 | D:5      | Found a hide-covered altar of Uskayaw.
  1763 | D:5      | Found a glowing golden altar of the Shining One.
  1769 | D:5      | Reached skill level 5 in Shapeshifting
  1778 | D:5      | Reached XP level 7. HP: 44/62 MP: 6/6
  1824 | D:5      | Noticed Prince Ribbit
  1831 | D:5      | Killed Prince Ribbit
  1832 | D:5      | Reached skill level 6 in Unarmed Combat
  2029 | D:5      | Identified the +0 cloak "Qihuilasi" {*Slow Will++ Int+6}
  2079 | D:5      | Found Unoad's Armour Emporium.
  2325 | D:5      | Reached skill level 7 in Unarmed Combat
  2326 | D:5      | Reached XP level 8. HP: 32/72 MP: 7/7
  2745 | D:5      | Found a staircase to the Ecumenical Temple.
  2783 | Temple   | Entered the Ecumenical Temple
  2816 | Temple   | Became a worshipper of Cheibriados the Contemplative
  3146 | D:3      | You fall into a shaft and drop 1 floor!
  3306 | D:3      | Found a burning altar of Makhleb.
  3306 | D:3      | Found a blossoming altar of Fedhas.
  3306 | D:3      | Found a glowing silver altar of Zin.
  3581 | D:2      | Reached * piety under Cheibriados
  3699 | D:2      | Found a runed translucent door.
  3700 | D:2      | Noticed Crazy Yiuf
  3875 | D:2      | Killed Crazy Yiuf
  4142 | D:6      | Reached skill level 8 in Unarmed Combat
  4386 | D:6      | Reached ** piety under Cheibriados
  4911 | D:7      | Noticed Menkaure
  4920 | D:7      | Reached XP level 9. HP: 19/80 MP: 8/8
  4923 | D:7      | Killed Menkaure
  4927 | D:7      | Reached skill level 9 in Unarmed Combat
  4931 | D:7      | HP: 4/80 [poisoned by a killer bee]
  4931 | D:7      | Slain by an ufetubus

Illustrated notes

Levels and vault maps discovered:
D:1:      denvon_arrival_planthouse, layout_basic
D:2:      minmay_diamond_boxcup, layout_rooms, uniq_crazy_yiuf_cottage
D:3:      layout_loops_cross, gammafunk_temple_overflow_claw
D:4:      layout_cave_pods, serial_shops, nicolae_diamond_shop,
          minmay_lizard_king
D:5:      layout_cave_pods, grunt_temple_overflow_open,
          minmay_temple_entry_nine_rooms, serial_shops, shop_statue,
          minivault_23, uniq_prince_ribbit1
D:6:      layout_cave_pods
D:7:      layout_rooms, gammafunk_ghost_hive, serial_shops, shop, uniq_menkaure
Temple:   nicolae_temple_x_marks_the_god

Skill      XL: |  1  2  3  4  5  6  7  8  9 |
---------------+----------------------------+-----
Shapeshifting  | 4 5 6 |  6.6
Unarmed Combat | 4 5 7 8 9 |  9.0
Fighting       | 1 2 |  2.8
Dodging        | 2 3 4 |  4.0

Action                     |  1- 3 |  4- 6 |  7- 9 || total
---------------------------+-------+-------+-------++-------
  Melee: Unarmed           |    92 |    78 |   220 ||   390
         Punch             |     2 |     2 |     8 ||    12
Ability: Begin Untransform |       |       |     1 ||     1
    Use: Scroll            |     7 |     2 |     1 ||    10
         Potion            |       |       |     3 ||     3
   Stab: Sleeping          |       |       |     1 ||     1
 Armour: Animal skin       |    50 |    64 |   190 ||   304
  Dodge: Dodged            |    46 |    47 |   155 ||   248
   Form: Beast             |       |       |     1 ||     1
